 Dungeon Crawl Stone Soup version 0.30.0-3-ga4e48a9924 (webtiles) character file.

Game seed: 11103976102728918098

638 Cheops the Grappler (level 7, 0/57 HPs)
             Began as a Ghoul Monk on May 8, 2023.
             Slain by a yak (2 damage)
             ... on level 5 of the Dungeon.
             The game lasted 00:06:07 (3239 turns).

Cheops the Grappler (Ghoul Monk)                    Turns: 3239, Time: 00:06:08

Health: 0/57       AC: 13    Str: 17    XL:     7   Next: 50%
Magic:  6/6        EV: 10    Int:  5    God:
Gold:   220        SH:  0    Dex: 11    Spells: 6/6 levels left

rFire   . .          .
                       - Unarmed
rCold   + . .        c - orb {light}
rNeg    + + +        u - +0 scale mail
rPois   ∞            (no helmet)
rElec   .            q - +2 cloak
rCorr   .            (no gloves)
SInv    .            (no boots)
Will    .....        g - amulet of faith Stlth
                     v - +4 ring of protection
HPRegen 0.00/turn    (no ring)
MPRegen 0.10/turn

%: faith
@: about to teleport, inhibited regen, glowing
A: claws 1, cold resistance 1, negative energy resistance 3, inhibited
regeneration, torment resistance 2, devour on kill
a: no special abilities


You were on level 5 of the Dungeon.
You visited 1 branch of the dungeon, and saw 6 of its levels.

You collected 220 gold pieces.

Inventory:

Missiles
 e - a throwing net (quivered)
Armour
 a - a +0 robe
 c - an orb of light (worn)
 q - a +2 cloak (worn)
 u - a +0 scale mail (worn)
Jewellery
 g - an amulet of faith (around neck)
 v - a +4 ring of protection (left claw)
Wands
 p - a wand of flame (15)
Scrolls
 f - a scroll of enchant weapon
 j - a scroll of immolation
 l - a scroll of acquirement
 r - a scroll of noise
 s - 2 scrolls of poison
 t - a scroll of identify
Potions
 b - a potion of ambrosia
 d - 2 potions of might {unknown}
 h - a potion of flight {unknown}
 i - a potion of lignification {unknown}
 k - a potion of resistance {unknown}
 n - a potion of mutation {unknown}
 o - a potion of curing {unknown}
 w - a potion of magic {unknown}


   Skills:
 - Level 3.2 Fighting
 + Level 3.5 Dodging
 * Level 8.9 Unarmed Combat


You had 6 spell levels left.
You didn't know any spells.
Your spell library contained the following spells:

 Spells                   Type           Power      Damage    Failure   Level
 Sandblast                Erth           0%         2d4       89%         1
 Passwall                 Tmut/Erth      0%         N/A       96%         2
 Gell's Gravitas          Tloc           0%         N/A       99%         3
 Stone Arrow              Conj/Erth      0%         3d7       99%         3
 Teleport Other           Tloc           0%         N/A       99%         3
 Tukima's Dance           Hex            0%         N/A       99%         3
 Passage of Golubria      Tloc           0%         N/A       100%        4
 Yara's Violent Unravell  Hex/Tmut       0%         3d3       100%        5
 Dispersal                Tloc           0%         N/A       100%        6


Dungeon Overview and Level Annotations

Branches:
Dungeon (6/15)             Temple (0/1) D:5

Altars:
Ashenzari


Innate Abilities, Weirdness & Mutations

You are immune to poison.
You have sharp fingernails.
Your flesh is cold resistant. (rC+)
You are immune to negative energy. (rN+++)
You do not regenerate when monsters are visible.
You are immune to unholy pain and torment.
You thrive by killing the living.


Message History

You have reached level 7!
Unknown command.
Unknown command.
Unknown command.
You scratch the yak.
The yak is lightly wounded.
The yak gores you!
You claw the yak!
The yak is moderately wounded.
The yak gores you but does no damage.
You scratch the yak.
The yak is moderately wounded.
The yak gores you.
You scratch the yak but do no damage.
The yak is moderately wounded.
The yak barely misses you.
You claw the yak!
The yak is moderately wounded.
The yak gores you but does no damage.
You scratch the yak but do no damage.
The yak is moderately wounded.
The yak gores you.
* * * LOW HITPOINT WARNING * * *
You scratch the yak.
The yak is heavily wounded.
You claw the yak!
The yak is severely wounded.
The yak gores you.
* * * LOW HITPOINT WARNING * * *
You claw the yak!
The yak is almost dead.
The yak gores you!
* * * LOW HITPOINT WARNING * * *
You claw the yak!
You kill the yak!
As you read the scroll of teleportation, it crumbles to dust.
You feel strangely unstable. The yak closely misses you.
Unknown command.
The yak attacks as you move away! The yak gores you.
You die...

#..... ....###....#. #####.#....
#...#...#... ........... #.....#
... # #.
..........#####.>.#####. Y#.##.
......#......#.....#.... YY..$.
.........#..#...#...#..#
#..#.##........##.....###....##
.#..............##.#..#.#.#.....
.......Y######.@##.##...#....#.#
.............#Y.........#....#.#
#...........Y#.##.###.......#.#
#.###....##..#.##.# #.#.....#.#
####.##..#.##.# #.#.....#.#
#.........#.###.#.....#..
#.....................###
...............###.##....#
####...........### #..[.#


You could see 2 yaks.

Vanquished Creatures
  2 yaks (D:5)
  2 lemures (D:4)
  2 hounds
  Crazy Yiuf (D:3)
  4 orc wizards (D:3)
  4 adders
  A white imp (D:5)
  2 ufetubi
  2 worms
  3 dart slugs
  14 orcs
  4 endoplasms
  2 giant cockroaches
  7 goblins
  3 hobgoblins
  6 jackals
  5 quokkas
  4 ball pythons
  8 bats
  4 frilled lizards
  7 kobolds
  7 rats
94 creatures vanquished.

Notes
Turn   | Place    | Note
-------+----------+-------------------------------------------
     0 | D:1      | Cheops the Ghoul Monk began the quest for the Orb.
     0 | D:1      | Reached XP level 1. HP: 19/19 MP: 0/0
    95 | D:1      | Reached XP level 2. HP: 22/26 MP: 1/1
   143 | D:1      | Reached skill level 4 in Unarmed Combat
   279 | D:1      | Reached XP level 3. HP: 22/31 MP: 2/2
   442 | D:1      | Found a faded altar of an unknown god.
   907 | D:2      | Reached skill level 5 in Unarmed Combat
  1131 | D:2      | Reached XP level 4. HP: 34/38 MP: 3/3
  1557 | D:3      | Found a broken altar of Ashenzari.
  1720 | D:3      | Reached skill level 6 in Unarmed Combat
  1720 | D:3      | Reached XP level 5. HP: 36/45 MP: 4/4
  2130 | D:3      | Reached skill level 7 in Unarmed Combat
  2253 | D:3      | Reached XP level 6. HP: 51/51 MP: 5/5
  2262 | D:3      | Found a runed translucent door.
  2263 | D:3      | Noticed Crazy Yiuf
  2670 | D:3      | Killed Crazy Yiuf
  2984 | D:4      | You fall into a shaft and drop 2 floors!
  3015 | D:5      | Entered Level 5 of the Dungeon
  3018 | D:5      | Identified a scroll of acquirement
  3158 | D:5      | Found a staircase to the Ecumenical Temple.
  3199 | D:5      | Noticed a yak
  3199 | D:5      | Noticed a yak
  3199 | D:5      | Noticed a yak
  3200 | D:5      | Noticed a yak
  3226 | D:5      | Killed a yak
  3227 | D:5      | Reached skill level 8 in Unarmed Combat
  3227 | D:5      | Reached XP level 7. HP: 36/57 MP: 6/6
  3235 | D:5      | HP: 2/57 [yak (9)]
  3236 | D:5      | Killed a yak
  3239 | D:5      | Slain by a yak

Illustrated notes

Levels and vault maps discovered:
D:1:      tarquinn_simple_flora_water_a, layout_basic,
          dilly_ecumenical_altar_fadedgnrine, amcnicky_mini_pool_small
D:2:      layout_basic
D:3:      layout_loops_corners, nicolae_ashenzari_panopticon,
          minmay_misc_feat_tower, uniq_crazy_yiuf_cottage
D:4:      layout_loops_ring, kennysheep_path_1, reono_crystal_passage,
          hex_medium, minmay_ogre_servants, uniq_pikel, uniq_edmund,
          uniq_sigmund
D:5:      layout_basic, lemuel_crystal_altar, minmay_temple_entry_arrows,
          gup_sewer_entry_bubbles
D:6:      layout_basic

Skill      XL: |  1  2  3  4  5  6 |
---------------+-------------------+-----
Unarmed Combat | 4 5 6 7 8 |  8.9
Dodging        | 3 |  3.5
Fighting       | |  3.2

Action                     |  1- 3 |  4- 6 |  7- 9 || total
---------------------------+-------+-------+-------++-------
  Melee: Unarmed           |    82 |   174 |    10 ||   266
    Use: Scroll            |       |     6 |     1 ||     7
 Armour: Robe              |     9 |    32 |       ||    41
         Scale mail        |       |    15 |     2 ||    17
  Dodge: Dodged            |    46 |    59 |     2 ||   107
